[Event "Allsvenskan 24-25"]
[Site "Linköping, Sweden"]
[Date "2024.12.01"]
[Round "5.1"]
[White "Sandstrom, Ludvig"]
[Black "Wahlund, Max"]
[Result "1-0"]
[TimeControl "90 min/40 moves + 30 min + 30 sec from move 1"]
[BlackTitle "CM"]
[WhiteElo "2296"]
[BlackElo "2082"]

1. Nf3 Nf6 2. c4 g6 3. Nc3 Bg7 4. e4 d6 5. d4 O-O 6. Be2 e5 7. O-O Nbd7 8. Re1 exd4 9. Nxd4 Re8 10.
Bf1 Nc5 11. f3 Ne6 12. Be3 Nxd4 13. Bxd4 Be6 14. Qd2 c6 15. Rad1 Qa5 16. Kh1 Rad8 17. Bxf6 1-0

[Event "Allsvenskan 24-25"]
[Site "Linköping, Sweden"]
[Date "2024.12.01"]
[Round "5.2"]
[White "Silfver, Anton"]
[Black "Sanden, Stefan"]
[Result "1-0"]
[TimeControl "90 min/40 moves + 30 min + 30 sec from move 1"]
[WhiteElo "1919"]
[BlackElo "2268"]

1. e4 c5 2. Nf3 e6 3. d4 cxd4 4. Nxd4 Nc6 5. Nc3 d6 6. Be3 Nf6 7. f3 Be7 8. Qd2 a6 9. O-O-O h5 10.
Kb1 Qc7 11. Bd3 b5 12. h4 Bb7 13. Rhe1 Rc8 14. Nxc6 Bxc6 15. Bg5 b4 16. Ne2 a5 17. Nd4 Bd7 18. g4 hxg4 19. fxg4 Qc5 20.
Be3 Qe5 21. Nf3 Qg3 22. Qe2 Qxg4 23. Rg1 Qh5 24. Rg5 Qh7 25. e5 Ne4 26. Rg4 d5 27. Rdg1 g6 28. Bxe4 dxe4 29. Rxe4 Qh5 30.
Bg5 Bc6 31. Rc4 Bxg5 32. Rxg5 Qh6 33. Rxc6 Rxc6 34. Qb5 Kd7 35. Nd4 Rhc8 36. Nxc6 1-0

[Event "Allsvenskan 24-25"]
[Site "Linköping, Sweden"]
[Date "2024.12.01"]
[Round "5.4"]
[White "Pettersson, Borje"]
[Black "Johansen, Peter"]
[Result "0-1"]
[TimeControl "90 min/40 moves + 30 min + 30 sec from move 1"]
[WhiteElo "1909"]
[BlackElo "2128"]

1. e4 e6 2. d4 d5 3. Nc3 Bb4 4. e5 c5 5. a3 Bxc3+ 6. bxc3 Ne7 7. h4 Qa5 8. Bd2 Nbc6 9. h5 Bd7 10.
h6 gxh6 11. Nf3 O-O-O 12. a4 Ng8 13. Bd3 c4 14. Be2 f6 15. exf6 Nxf6 16. Rxh6 Ne4 17. Ng5 Nxg5 18. Bxg5 Qxc3+ 19. Kf1 Rdf8 20. Bf6 Rxf6 21. Rxf6 Nxd4 22. Rh6 Nxc2 23. Ra2 Qg7 24. Rh4 Nb4 25. Ra3 a5 26. Rg3 Qe7 27. Rh6 Rf8 28.
Qb1 Qc5 29. Bf3 Nd3 30. Qa2 Qb4 31. Kg1 Qe1+ 32. Kh2 Nxf2 33. Rgh3 Nxh3 34. Rxh3 Qe5+ 35. Kh1 Rf7 36. Rh5 Qd4 37.
Qc2 Qd3 38. Qf2 Qb1+ 39. Kh2 Qb4 40. Qd4 c3 41. Qh8+ Kc7 42. Qe5+ Qd6 0-1

[Event "Allsvenskan 24-25"]
[Site "Linköping, Sweden"]
[Date "2024.12.01"]
[Round "5.5"]
[White "Loven, Anders"]
[Black "Varro, Daniel"]
[Result "0-1"]
[TimeControl "90 min/40 moves + 30 min + 30 sec from move 1"]
[WhiteElo "2074"]
[BlackElo "1914"]

1. Nf3 d5 2. g3 c6 3. Bg2 Bf5 4. O-O Nd7 5. d3 Ngf6 6. c4 e6 7. Nc3 h6 8. cxd5 exd5 9. e4 dxe4 10.
dxe4 Be6 11. Nd4 Bc4 12. Re1 Ne5 13. Nde2 Bc5 14. b3 Ba6 15. a3 Bxf2+ 16. Kxf2 Nfg4+ 17. Kg1 Nd3 18. Na4 Nxe1 19.
Qxe1 Bxe2 20. Bb2 Qd3 21. h3 Qe3+ 22. Kh1 Nf2+ 23. Kh2 O-O-O 24. Qa5 Bb5 25. Be5 Rd7 26. Re1 b6 27. Rxe3 bxa5 28.
Nc5 Nd1 29. Re1 Rd2 30. Bxg7 Rh7 31. Be5 Ne3 32. Rxe3 Bf1 33. h4 Bxg2 34. Kg1 Bh3 35. Nd3 f6 36. Bxf6 Rd7 37. Nf2 Be6 38.
g4 Ra2 39. g5 hxg5 40. hxg5 Rdd2 41. Rf3 Rxa3 42. Bc3 Rxb3 43. Rf8+ Rd8 44. Rxd8+ Kxd8 45. Bxa5+ Ke8 46. Kg2 Rb5 47.
Bd2 Rb2 48. Be3 a5 49. Kf3 a4 50. Nd3 Rb3 51. Ke2 Bc4 0-1

[Event "Allsvenskan 24-25"]
[Site "Linköping, Sweden"]
[Date "2024.12.01"]
[Round "5.6"]
[White "Thornqvist, Ofelia"]
[Black "Agrest, Simon"]
[Result "0-1"]
[TimeControl "90 min/40 moves + 30 min + 30 sec from move 1"]
[WhiteElo "1873"]
[BlackElo "2007"]

1. d4 Nf6 2. Bf4 d6 3. e3 g6 4.
Nf3 Nh5 5. Bg3 Nxg3 6. hxg3 Bg7 7. Be2 c5 8. c3 Nc6 9. dxc5 dxc5 10. Qxd8+ Nxd8 11. Nbd2 Bd7 12. a4 Nc6 13. a5 Rc8 14. Bc4 h6 15.
O-O O-O 16. e4 Rfd8 17. Nb3 Ne5 18. Nxe5 Bxe5 19. Rfd1 Bc6 20. Bd5 Bxd5 21. Rxd5 Rxd5 22. exd5 c4 23. Nd2 Rc5 24. Ra4 Rxd5 25.
Nxc4 Bd6 26. Kf1 Kg7 27. Ke2 f5 28.
Nxd6 Rxd6 29. Rb4 Rd7 30. g4 Kf6 31. gxf5 Kxf5 32. Ra4 Rd5 33. Rb4 Rd7 34. Ra4 h5 35. b4 Rc7 36. Kd3 e5 37.
b5 e4+ 38. Rxe4 Rxc3+ 39. Kxc3 Kxe4 40. Kc4 b6 41. axb6 axb6 42. f3 Ke5 43. f4+ Ke4 44. g3 Kf3 45. Kd5 Kxg3 46. Kc6 h4 47.
Kxb6 h3 48. Kc7 h2 49. b6 h1=Q 50. b7 Qc1+ 51. Kd8 Qxf4 0-1

[Event "Allsvenskan 24-25"]
[Site "Linköping, Sweden"]
[Date "2024.12.01"]
[Round "5.7"]
[White "Danielsson, Robert"]
[Black "Nagy, Mate 2009"]
[Result "1/2-1/2"]
[TimeControl "90 min/40 moves + 30 min + 30 sec from move 1"]
[WhiteElo "1972"]
[BlackElo "1871"]

1. d4 Nf6 2. c4 g6 3. Nc3 d5 4. cxd5 Nxd5 5. g3 Bg7 6. Bg2 Nxc3 7. bxc3 c5 8. e3 Qa5 9. Qd2 O-O 10.
Ne2 Nc6 11. O-O Rd8 12. Qb2 Qc7 13. Qa3 cxd4 14. cxd4 Be6 15. Bd2 Bc4 16. Rfe1 e5 17. Rac1 Bxe2 18. Rxe2 exd4 19. exd4 Bxd4 20.
Bg5 Re8 21. Rec2 Qe5 22. Bf4 Qg7 23. Rb1 g5 24. Be3 Bxe3 25. fxe3 Qg6 26. Rcb2 Ne5 27. Rxb7 Nc4 28. Qa4 Nxe3 29.
Re1 Re6 30. Rxa7 Rd8 31. Ra8 Rxa8 32. Qxa8+ Kg7 33. Qa3 Nxg2 34. Rxe6 Qxe6 35. Qb2+ f6 36. Kxg2 Qe4+ 37. Kf2 Qh1 38.
Ke3 Qe1+ 39. Kd3 Qf1+ 40. Kc3 Qf3+ 41. Kb4 Qb7+ 42. Kc3 Qf3+ 43. Kb4 1/2-1/2

[Event "Allsvenskan 24-25"]
[Site "Linköping, Sweden"]
[Date "2024.12.01"]
[Round "5.8"]
[White "Qwarfort, Fredrik"]
[Black "Lindblad, Tomas"]
[Result "0-1"]
[TimeControl "90 min/40 moves + 30 min + 30 sec from move 1"]
[WhiteElo "1830"]
[BlackElo "1962"]

1. d4 d5 2. c4 c6 3. Nf3 Nf6 4. e3 Bf5 5. Nc3 e6 6. cxd5 exd5 7. Bd3 Bg6 8. Ne5 Nbd7 9. Nxg6 hxg6 10.
Bd2 Bd6 11. h3 Qe7 12. Qe2 O-O 13. O-O Rfe8 14. Rfe1 a6 15. Rac1 Rac8 16. a3 c5 17. dxc5 Bxc5 18. e4 dxe4 19.
Nxe4 Nxe4 20. Qxe4 Qd6 21. Qf3 Ne5 22. Rxe5 Qxe5 23. Bc3 Bd4 24. Re1 Qf6 25. Qxf6 Rxe1+ 26. Bxe1 gxf6 0-1